 Dungeon Crawl Stone Soup version 0.30.0-29-ga12c61a403 (webtiles) character file.

Game seed: 8309816375346563337

17 qw the Shield-Bearer (level 2, -7/19 HPs)
             Began as a Gargoyle Fighter on June 3, 2023.
             Mangled by Natasha (8 damage)
             ... on level 2 of the Dungeon.
             The game lasted 00:00:13 (345 turns).

qw the Shield-Bearer (Gargoyle Fighter)              Turns: 345, Time: 00:00:14

Health: -7/19      AC:  9    Str: 19    XL:     2   Next: 62%
Magic:  2/2        EV:  9    Int:  8    God:
Gold:   29         SH:  4    Dex:  9    Spells: 1/1 levels left

rFire   . . .        a - +0 war axe
rCold   . . .        c - +0 buckler
rNeg    + . .        b - +0 scale mail
rPois   inf          (no helmet)
rElec   +            (no cloak)
rCorr   .            (no gloves)
SInv    .            (no boots)
Will    .....        (no amulet) Stlth
                     (no ring)
HPRegen 0.23/turn    (no ring)
MPRegen 0.08/turn

%: no passive effects
@: no status effects
A: sickness immunity, AC +2, negative energy resistance 1, electricity
resistance, torment resistance 1, petrification resistance
a: no special abilities


You were on level 2 of the Dungeon.
You visited 1 branch of the dungeon, and saw 2 of its levels.

You collected 29 gold pieces.


Innate Abilities, Weirdness & Mutations

You are immune to sickness and miasma.
Your stone body is resilient. (AC +2)
You are immune to poison.
You resist negative energy. (rN+)
You are resistant to electric shocks. (rElec)
You are resistant to unholy torment.
You are immune to petrification.


   Skills:
 - Level 3.2 Fighting
 + Level 2.8 Axes
 - Level 3.2 Armour
 - Level 3.2 Shields


You had one spell level left.
You didn't know any spells.
Your spell library was empty.

Inventory:

Hand Weapons
 a - a +0 war axe (weapon)
 h - a +0 whip
Armour
 b - a +0 scale mail (worn)
 c - a +0 buckler (worn)
 e - a +0 pair of gloves
Jewellery
 g - a ring of resist corrosion
Scrolls
 i - a scroll of teleportation {unknown}
Potions
 d - a potion of might
 f - a potion of brilliance {unknown}

Dungeon Overview and Level Annotations

Branches:
Dungeon (1/15)

Altars:

Annotations:
D:2 Natasha


Message History

You kill the cerulean imp!
The cerulean imp disappears in a puff of smoke!
You slash Natasha! You barely miss the cerulean imp.
Natasha claws you but does no damage.
The cerulean imp hits you but does no damage.
You closely miss Natasha.
Natasha is severely wounded.
You hit the cerulean imp but do no damage.
Natasha barely misses you. The cerulean imp closely misses you.
You block the cerulean imp's attack. Natasha claws you.
You completely miss Natasha.
Natasha is severely wounded.
You miss the cerulean imp.
Natasha mumbles some strange words.
You block the cerulean imp's attack.
You closely miss Natasha.
Natasha is severely wounded.
You closely miss the cerulean imp.
The cerulean imp hits you but does no damage.
Natasha barely misses you.
The cerulean imp hits you with a +1 spear.
Natasha claws you but does no damage.
You closely miss Natasha.
Natasha is severely wounded.
You closely miss the cerulean imp.
The cerulean imp closely misses you. x2; Natasha barely misses you.
The cerulean imp hits you but does no damage.
You barely miss Natasha.
Natasha is severely wounded.
You closely miss the cerulean imp.
The cerulean imp hits you but does no damage.
You block Natasha's attack.
The cerulean imp hits you but does no damage.
You barely miss Natasha.
Natasha is severely wounded.
You hit the cerulean imp.
The cerulean imp hits you with a +1 spear.
Natasha casts a spell.
The cerulean imp barely misses you. Natasha claws you!
You die...

##......... #...#
#......... #...#
#......... #...#
........... +...#
............
#...#.............
####.5.#.............
#...h................
#.5.@................
#...5................
#.....>..............
#....................
#....................
####)..#...<.......%.
##....................
#..#.#+#......#######.
#.....................


You could see Natasha and 3 cerulean imps.

Vanquished Creatures
  An adder (D:2)
  A ball python (D:2)
  An endoplasm (D:2)
  A goblin (D:2)
  A jackal (D:1)
  A frilled lizard (D:2)
  2 kobolds (D:2)
  A rat (D:1)
9 creatures vanquished.

Notes
Turn   | Place    | Note
-------+----------+-------------------------------------------
     0 | D:1      | qw the Gargoyle Fighter began the quest for the Orb.
     0 | D:1      | Reached XP level 1. HP: 14/14 MP: 1/1
     0 | D:1      | 0 ||| qw: Version: 0.2-a-103-g5a998e5
     0 | D:1      | 0 ||| qw: Game counter: 986
     0 | D:1      | 0 ||| qw: Always use a shield: true
     0 | D:1      | 0 ||| qw: God list: Okawaru
     0 | D:1      | 0 ||| qw: Allow faded altars: false
     0 | D:1      | 0 ||| qw: Do Orc after D:15 true
     0 | D:1      | 0 ||| qw: Do second Lair branch before Depths: true
     0 | D:1      | 0 ||| qw: Lair rune preference: random
     0 | D:1      | 0 ||| qw: Plans: Normal, Zot:1-4, Slime:5, God:TSO, Crypt,
                  | Tomb, Pan, Hells, Abyss, Win
     0 | D:1      | 0 ||| PLANNING D:1-11
    97 | D:1      | You fall into a shaft and drop 1 floor!
   204 | D:2      | Reached XP level 2. HP: 19/19 MP: 2/2
   331 | D:2      | Noticed Natasha
   342 | D:2      | HP: 2/19 [cerulean imp/+1 spear[Natasha] (5)]
   345 | D:2      | Mangled by Natasha

Levels and vault maps discovered:
D:1:      dpeg_arrival_brainrot, layout_basic
D:2:      layout_basic, dreamdust_wishing_well, serial_park_tiny_pond,
          wad_floor_pattern_1, minivault_14, uniq_robin, uniq_natasha

Skill      XL: |  1 |
---------------+----+-----
Axes           | 2 |  2.8
Fighting       | |  3.2
Armour         | |  3.2
Shields        | |  3.2

Action                     || total
---------------------------++-------
  Melee: War axe           ||    46
 Armour: Scale mail        ||    28
  Dodge: Dodged            ||    27
  Block: Buckler           ||    15

Table legend:
 A = Non-vault XP
 B = Vault XP
 C = Vault XP percentage of total XP
 D = Non-vault monster count
 E = Vault monster count
 F = Vault count percentage of total count
                 A         B        C        D         E       F
            +---------+---------+-------+---------+---------+-------
      Total |      23 |       2 |   8.0 |       8 |       1 |  11.1
            +---------+---------+-------+---------+---------+-------
        D:1 |       1 |       2 |  66.7 |       1 |       1 |  50.0
        D:2 |      22 |       0 |   0.0 |       7 |       0 |   0.0
            +---------+---------+-------+---------+---------+-------
